 Dungeon Crawl Stone Soup version 0.25-a0-194-gece12570e2 (webtiles) character file.

Game seed: 8228727094984399517, levelgen mode: deterministic

18481 Flugkiller the Nimble (level 12, -7/78 HPs)
             Began as a Deep Elf Arcane Marksman on Nov 30, 2019.
             Was an Elder of Ru.
             Mangled by a death knight
             ... wielding a +2 halberd
              (24 damage)
             ... on level 11 of the Dungeon on Dec 1, 2019.
             The game lasted 00:56:41 (20454 turns).

Flugkiller the Nimble (Deep Elf Arcane Marksman)   Turns: 20454, Time: 00:56:42

Health: -7/78      AC:  7    Str:  7    XL:     12   Next: 28%
Magic:  17/21      EV: 19    Int: 23    God:    Ru [****..]
Gold:   745        SH:  0    Dex: 14    Spells: 4/21 levels left

rFire    . . .     SeeInvis +   a - +3 shortbow (flame)
rCold    . . .     Gourm    .   (shield currently unavailable)
rNeg     . . .     Faith    .   s - +1 robe {Archmagi}
rPois    +         Spirit   .   t - +0 helmet
rElec    .         Reflect  .   M - +0 cloak (curse)
rCorr    .         Harm     .   r - +1 pair of gloves
MR       +....                  (no boots)
Stlth    ..........             C - amulet of regeneration
HPRegen  0.63/turn              u - ring of see invisible
MPRegen  0.17/turn              H - ring of poison resistance

@: exhausted, heavily drained
A: clumsy 1, no stealth, inability to use devices, inability to train armour
a: Draw Out Power, Power Leap, Renounce Religion


You were on level 11 of the Dungeon.
You worshipped Ru.
Ru was greatly pleased with you.
You were hungry.

You visited 1 branch of the dungeon, and saw 11 of its levels.
You also visited: Sewer.

You collected 745 gold pieces.

Inventory:

Hand Weapons
 a - a +3 shortbow of flaming (weapon)
   (You took it off a centaur on level 7 of the Dungeon)
 b - the +5 short sword of Collusion {venom, rC++ MR+ Dex+5}
   (You found it on level 8 of the Dungeon)

   It poisons the flesh of those it strikes.
   It affects your dexterity (+5).
   It greatly protects you from cold.
   It affects your resistance to hostile enchantments.
 m - a +0 whip of electrocution
   (You took it off Pikel on level 7 of the Dungeon)
 E - the +2 spear of the Revolution {drain, MR+}
   (You found it in a sewer)

   A truly terrible weapon, it drains the life of those it strikes.
   It affects your resistance to hostile enchantments.
 L - a +0 falchion of flaming
   (You took it off a big kobold on level 10 of the Dungeon)
Missiles
 d - 129 arrows (quivered)
 l - 7 boomerangs
Armour
 r - a +1 pair of gloves (worn)
   (You found it on level 2 of the Dungeon)
 s - a +1 robe of the Archmagi (worn)
   (You found it on level 2 of the Dungeon)
 t - a +0 helmet (worn)
   (You found it on level 3 of the Dungeon)
 M - a cursed +0 cloak (worn)
   (You found it on level 10 of the Dungeon)
Jewellery
 u - a ring of see invisible (left hand)
   (You found it on level 2 of the Dungeon)
 C - an amulet of regeneration (around neck)
   (You took it off an orc wizard on level 4 of the Dungeon)
 D - an uncursed ring of wizardry
   (You found it on level 4 of the Dungeon)
 F - an uncursed amulet of guardian spirit
   (You found it on level 6 of the Dungeon)
 H - a ring of poison resistance (right hand)
   (You found it on level 8 of the Dungeon)
Scrolls
 c - 7 scrolls of teleportation
 h - a scroll of fog
 i - 6 scrolls of remove curse
 j - a scroll of blinking {unknown}
 v - 2 scrolls of immolation
 w - 2 scrolls of amnesia
 y - a scroll of enchant weapon
 B - a scroll of silence {unknown}
 I - a scroll of holy word {unknown}
 J - a scroll of random uselessness {unknown}
Potions
 e - a potion of flight {unknown}
 g - 3 potions of might
 k - a potion of haste
 o - 2 potions of magic
 p - 2 potions of mutation
 q - 6 potions of heal wounds
 x - a potion of cancellation
 z - a potion of curing
 A - 3 potions of lignification {unknown}
 G - a potion of invisibility
Comestibles
 f - 15 rations


   Skills:
 * Level 10.5(9.0) Fighting
 + Level 9.9(8.5) Bows
 + Level 12.1(10.6) Dodging
 - Level 5.0(3.7) Spellcasting
 - Level 9.4(7.9) Hexes
 - Level 2.0(0.8) Earth Magic


You had 4 spell levels left.
You knew the following spells:

 Your Spells              Type           Power        Failure   Level  Hunger
a - Corona                Hex            ######.      1%          1    None
b - Slow                  Hex            ######..     1%          2    #......
c - Inner Flame           Hex/Fire       ####....     6%          3    ###....
d - Cause Fear            Hex            ######....   4%          4    ####...
e - Portal Projectile     Hex/Tloc       ####..       6%          3    ###....
f - Leda's Liquefaction   Hex/Erth       #####.....   17%         4    ####...

Your spell library contained the following spells:

 Spells                   Type           Power        Failure   Level  Hunger


Dungeon Overview and Level Annotations

Branches:
Dungeon (11/15)            Temple (0/1) D:5             Orc (0/2) D:10
  Sewer (visited)
   Lair: D:8-11

Altars:
Dithmenos
Elyvilon
Fedhas
Gozag
Hepliaklqana
Makhleb
Nemelex Xobeh
Okawaru
Qazlal
Ru
Trog
Uskayaw
Wu Jian
Xom
Zin


Innate Abilities, Weirdness & Mutations

You are clumsy. (Dex -2)
You cannot be stealthy.
You cannot study or use magical devices.
You cannot train Armour skill.


Message History

The death knight is heavily wounded.
Firing (i - inventory. (/) - cycle)
d - 131 arrows (quivered)
Press: ? - help, Shift-Dir - straight line, f/p - death knight
Aim: a death knight, wielding a +2 halberd and wearing a +0 chain mail (heavily wounded, slow)
You shoot an arrow.
The arrow closely misses the death knight.
The death knight hits you with a +2 halberd!
Your +3 shortbow of flaming stops flaming.
You feel agile.
The +5 short sword of Collusion {venom, rC++ MR+ Dex+5} begins to drip with poison!
b - the +5 short sword of Collusion (weapon)
{venom, rC++ MR+ Dex+5} You hit the death knight.
The death knight is poisoned.
The death knight is heavily wounded.
The death knight offers itself to Yredelemnul, and fills with unholy energy.
You closely miss the death knight.
The death knight is heavily wounded.
The death knight hits you with a +2 halberd!!
* * * LOW HITPOINT WARNING * * *
You focus your will and blind the death knight in retribution!
The death knight reflects your damage back at you!
* * * LOW HITPOINT WARNING * * *
There is an open door here.
The death knight reflects your damage back at you!
You close the door.
A death knight opens the door.
The death knight reflects your damage back at you!
* * * LOW HITPOINT WARNING * * *
You close the door.
A death knight opens the door.
Unknown command.
Something reflects your damage back at you!
Aiming: Power Leap
Press: ? - help, Dir - move target cursor, p - death knight The death knight misses you.
Unknown command.
You see here 12 stones.
You redirect the death knight's attack!
The death knight calls down the wrath of Yredelemnul upon you.
Your body is wracked with pain!
* * * LOW HITPOINT WARNING * * *
There is a stone staircase leading down here.
The +5 short sword of Collusion {venom, rC++ MR+ Dex+5} stops dripping with poison.
Your +3 shortbow of flaming bursts into flame!
a - a +3 shortbow of flaming (weapon)
Unknown command.
Firing (i - inventory. (/) - cycle)
d - 130 arrows (quivered)
Press: ? - help, Shift-Dir - straight line, f - death knight
Aim: a death knight, wielding a +2 halberd and wearing a +0 chain mail (almost dead, slow)
You shoot an arrow.
The arrow completely misses the death knight.
The death knight hits you from afar with a +2 halberd!!
You die...

...(.................#
................÷....#
.....(........(.((..(#
......(..............#
...z...(..[..........#
........(............#
..#######(#######....#
###...##...##.p(######
#<.♣..'.♣['..♣.@#
##...##...##...##
#######.####### ##.##
#...# #.♣.# #...#
##<## ###


You could see a death knight.

Vanquished Creatures
  Gastronok (D:9)
  Josephine (D:11)
  A hydra (D:10)
  A two-headed ogre (D:10)
  Urug (D:9)
  Nergalle (D:11)
  An unseen horror (D:11)
  A phantasmal warrior (D:10)
  Pikel (D:7)
  A manticore (D:11)
  A centaur zombie (D:10)
  2 gargoyles (D:10)
  A kobold demonologist (D:9)
  A freezing wraith (D:9)
  5 trolls
  A hornet (D:10)
  A dream sheep (D:10)
  2 hippogriffs
  5 yaks
  4 wraiths (D:10)
  Grum (D:11)
  2 hungry ghosts
  A porcupine (D:10)
  4 ice beasts
  4 phantoms
  4 slaves
  A black bear (D:10)
  2 sky beasts
  10 orc warriors
  3 ogres
  4 wolves
  6 centaurs
  11 bullfrogs
  4 big kobolds
  A wyvern zombie (D:10)
  2 scorpions (D:5)
  9 wights
  6 howler monkeys
  3 electric eels (D:10)
  4 crimson imps
  A quasit (D:10)
  11 orc priests
  A bullfrog zombie (D:6)
  2 centaur skeletons
  7 hounds
  4 jellies
  4 bullfrog skeletons
  5 iguanas
  14 orc wizards
  15 worker ants
  A hound skeleton (D:6)
  A worker ant zombie (D:8)
  A howler monkey skeleton (D:10)
  7 gnolls
  13 adders
  A shadow imp (D:9)
  3 oozes
  An adder zombie (D:7)
  An adder skeleton (D:6)
  11 worms
  A dart slug (D:1)
  12 leopard geckos
  52 orcs
  4 ball pythons
  9 bats
  13 giant cockroaches
  7 goblins
  4 hobgoblins
  9 jackals
  7 kobolds
  5 quokkas
  8 frilled lizards
  A leopard gecko skeleton (D:4)
  9 rats
360 creatures vanquished.

Vanquished Creatures (others)
  A dream sheep (D:10)
  A yak (D:11)
  2 bullfrog zombies
  An orc wizard (D:6)
  2 orcs
  3 fungi (D:11)
  2 plants (D:10)
12 creatures vanquished.

Grand Total: 372 creatures vanquished

Notes
Turn   | Place    | Note
-------+----------+-------------------------------------------
     0 | D:1      | Flugkiller the Deep Elf Arcane Marksman began the quest for
                  | the Orb.
     0 | D:1      | Reached XP level 1. HP: 11/11 MP: 5/5
    66 | D:1      | Reached skill level 1 in Fighting
   548 | D:1      | Reached XP level 2. HP: 6/17 MP: 6/6
  1054 | D:1      | Reached XP level 3. HP: 22/22 MP: 7/7
  1217 | D:1      | Learned a level 2 spell: Slow
  2306 | D:2      | Found a sacrificial altar of Ru.
  2358 | D:2      | Became a worshipper of Ru the Awakened
  2393 | D:2      | Reached XP level 4. HP: 23/28 MP: 5/8
  2635 | D:3      | Found a stormy altar of Qazlal.
  2912 | D:3      | Found an ornate altar of the Wu Jian Council.
  3036 | D:3      | Reached XP level 5. HP: 32/33 MP: 9/9
  3797 | D:4      | Found a glowing drain.
  3812 | Sewer    | Entered a sewer
  3959 | Sewer    | Learned a level 3 spell: Inner Flame
  4464 | Sewer    | Reached skill level 3 in Dodging
  4464 | Sewer    | Reached XP level 6. HP: 14/38 MP: 6/11
  4692 | Sewer    | Got an ancient spear
  4693 | Sewer    | Identified the +2 spear of the Revolution {drain, MR+} (You
                  | found it in a sewer)
  4774 | D:4      | Gained mutation: You are clumsy. (Dex -2) [Ru sacrifice]
  5109 | D:4      | Reached skill level 5 in Hexes
  5195 | D:4      | Learned a level 3 spell: Portal Projectile
  5222 | D:4      | Reached XP level 7. HP: 38/43 MP: 10/14
  5323 | D:4      | Reached skill level 4 in Dodging
  5808 | D:4      | Found a blossoming altar of Fedhas.
  6040 | D:4      | Learned a level 4 spell: Cause Fear
  6059 | D:5      | Entered Level 5 of the Dungeon
  6104 | D:5      | Noticed a hungry ghost
  6167 | D:5      | Found an iron altar of Okawaru.
  6683 | D:5      | Reached skill level 5 in Dodging
  6975 | D:5      | Noticed a +0 hand axe
  6975 | D:5      | Noticed a +0 dagger
  7113 | D:5      | Found a hide-covered altar of Uskayaw.
  7138 | D:5      | Reached XP level 8. HP: 48/48 MP: 14/16
  7154 | D:5      | Reached skill level 5 in Bows
  7215 | D:5      | Found a staircase to the Ecumenical Temple.
  7572 | D:5      | Reached skill level 6 in Dodging
  7777 | D:6      | Gained mutation: You cannot train Armour skill. [Ru
                  | sacrifice]
  7777 | D:6      | Reached * piety under Ru
  8005 | D:6      | Noticed a moth of wrath
  8008 | D:6      | Found a bloodstained altar of Trog.
  8307 | D:6      | Reached skill level 5 in Fighting
  8365 | D:6      | Found a glowing silver altar of Zin.
  9350 | D:6      | Reached skill level 7 in Dodging
  9350 | D:6      | Reached XP level 9. HP: 34/55 MP: 17/17
 10281 | D:5      | Reached skill level 8 in Dodging
 10336 | D:7      | Reached skill level 1 in Evocations
 10578 | D:7      | Noticed Pikel
 11318 | D:7      | Learned a level 4 spell: Leda's Liquefaction
 11388 | D:6      | Reached skill level 5 in Spellcasting
 11532 | D:7      | Found a sparkling altar of Nemelex Xobeh.
 11765 | D:7      | Killed Pikel
 11765 | D:7      | Reached skill level 5 in Evocations
 11933 | D:7      | Found an opulent altar of Gozag.
 12452 | D:8      | Gained mutation: You cannot study or use magical devices.
                  | [Ru sacrifice]
 12452 | D:8      | Reached ** piety under Ru
 12452 | D:8      | Reached *** piety under Ru
 12452 | D:8      | Reached **** piety under Ru
 12609 | D:8      | Reached XP level 10. HP: 60/60 MP: 19/19
 12641 | D:8      | Found a burning altar of Makhleb.
 12853 | D:8      | Reached skill level 9 in Dodging
 12912 | D:8      | Noticed a balrug
 13000 | D:8      | Got a smoking short sword
 13001 | D:8      | Identified the +5 short sword of Collusion {venom, rC++ MR+
                  | Dex+5} (You found it on level 8 of the Dungeon)
 13157 | D:8      | Found a white marble altar of Elyvilon.
 13371 | D:8      | Found a shadowy altar of Dithmenos.
 13505 | D:9      | Reached skill level 1 in Earth Magic
 13515 | D:9      | Found a hazy altar of Hepliaklqana.
 13516 | D:9      | Found a shimmering altar of Xom.
 14480 | D:10     | Entered Level 10 of the Dungeon
 14625 | D:10     | Noticed Gastronok
 14702 | D:10     | Noticed a two-headed ogre
 15256 | D:10     | Noticed Urug
 15753 | D:9      | Killed Gastronok
 15753 | D:9      | Reached skill level 10 in Dodging
 16028 | D:9      | Gained mutation: You cannot be stealthy. [Ru sacrifice]
 16115 | D:9      | Reached XP level 11. HP: 66/68 MP: 20/20
 16459 | D:9      | Killed Urug
 17345 | D:10     | Noticed a three-headed hydra
 17458 | D:10     | Paralysed by a hornet for 3 turns
 17613 | D:10     | Killed a two-headed ogre
 17759 | D:10     | Killed a three-headed hydra
 17759 | D:10     | Reached skill level 11 in Dodging
 18043 | D:10     | Found a staircase to the Orcish Mines.
 18271 | D:11     | Noticed a skeletal warrior
 18283 | D:11     | Noticed an unseen horror
 18352 | D:11     | Killed an unseen horror
 18809 | D:11     | Noticed a death knight
 18903 | D:11     | Noticed a phantasmal warrior
 19362 | D:10     | Killed a phantasmal warrior
 19541 | D:10     | Reached XP level 12. HP: 68/77 MP: 19/21
 19602 | D:10     | Reached skill level 10 in Fighting
 19765 | D:11     | Noticed Nergalle
 19787 | D:11     | Killed Nergalle
 20022 | D:11     | Noticed Grum
 20031 | D:11     | Reached skill level 12 in Dodging
 20068 | D:11     | Killed Grum
 20191 | D:11     | Noticed Josephine
 20211 | D:11     | Killed Josephine
 20454 | D:11     | Mangled by a death knight

Levels and vault maps discovered:
D:1:      minmay_arrival_four_houses, layout_basic, item_on_display_b
D:2:      layout_basic, old_standard_altar
D:3:      layout_basic, lemuel_crystal_altar, lemuel_doored_altar
D:4:      layout_loops_ring, marbit_many_paths, gup_sewer_entry_glass,
          st_stairs_13, minmay_misc_feat_hallway
D:5:      layout_basic, dancing_weapons_uskayaw,
          minmay_temple_entry_enclosed_plants, first_ration,
          okawaru_metal_pillars_3
D:6:      layout_basic, zin_treasury, tgw_trog
D:7:      layout_basic, kennysheep_mini, grunt_gozag_statues, uniq_pikel
D:8:      layout_loops_ring, makhleb_altar_promises_db, grunt_dithmenos_shadows,
          lemuel_coloured_pillars_altar
D:9:      layout_long_grid, regret_index_temple_of_mockery
D:10:     layout_cave_pools, erik_orc_2, hangedman_ranch
          [blue_anna_fruit_fields], uniq_gastronok, uniq_urug
D:11:     layout_cross, grunt_lair_entry_orc_guard_hut, grunt_ministairs_5,
          uniq_grum, uniq_nergalle, uniq_josephine

Skill      XL: |  1  2  3  4  5  6  7  8  9 10 11 12 |
---------------+-------------------------------------+-----
Fighting       | 1 2 3 4 6 7 9 10 | 10.5
Spellcasting   | 2 3 4 5 |  5.0
Dodging        | 3 5 7 8 10 11 12 | 12.1
Bows           | 3 4 6 7 9 |  9.9
Hexes          | 5 6 7 9 |  9.4
Evocations     | 0 |  0.0
Earth Magic    | 2 |  2.0

Action                   |  1- 3 |  4- 6 |  7- 9 | 10-12 || total
-------------------------+-------+-------+-------+-------++-------
Melee: Whip              |    14 |       |    61 |   100 ||   175
       Short sword       |    54 |   160 |       |   783 ||   997
       Spear             |       |    72 |   895 |       ||   967
 Fire: Shortbow          |    68 |    70 |   199 |   282 ||   619
Throw: Boomerang         |     2 |    24 |       |     8 ||    34
 Cast: Slow              |    11 |    19 |    85 |   111 ||   226
       Corona            |     4 |     7 |    31 |    41 ||    83
       Inner Flame       |       |       |    13 |     2 ||    15
       Cause Fear        |       |       |    14 |    36 ||    50
       Portal Projectile |       |       |     4 |       ||     4
Invok: Sacrifice Purity  |       |     1 |       |       ||     1
       Sacrifice Durabil |       |       |     1 |       ||     1
       Sacrifice Artific |       |       |     1 |       ||     1
       Draw Out Power    |       |       |       |     4 ||     4
       Power Leap        |       |       |       |     7 ||     7
       Sacrifice Stealth |       |       |       |     1 ||     1
  Use: Scroll            |     8 |     1 |     7 |    10 ||    26
       Potion            |       |       |     1 |     1 ||     2
 Stab: Sleeping          |     2 |       |     3 |     1 ||     6
       Distracted        |       |       |     3 |     1 ||     4
       Invisible         |       |       |       |     6 ||     6
       Paralysed         |       |       |       |     1 ||     1
  Eat: Chunk             |     3 |    10 |    27 |    17 ||    57
       Ration            |     1 |       |     4 |     5 ||    10
Armor: Robe              |    35 |    66 |   187 |   137 ||   425
Dodge: Dodged            |    90 |   186 |   636 |  1007 ||  1919

Table legend:
 A = Non-vault XP
 B = Vault XP
 C = Vault XP percentage of total XP
 D = Non-vault monster count
 E = Vault monster count
 F = Vault count percentage of total count
                 A         B        C        D         E       F
            +---------+---------+-------+---------+---------+-------
      Total |   15740 |   10662 |  40.4 |     284 |      79 |  21.8
            +---------+---------+-------+---------+---------+-------
        D:1 |      47 |       0 |   0.0 |      19 |       0 |   0.0
        D:2 |      56 |       0 |   0.0 |      14 |       0 |   0.0
        D:3 |     160 |       0 |   0.0 |      23 |       0 |   0.0
        D:4 |     496 |      51 |   9.3 |      27 |       4 |  12.9
        D:5 |     991 |       0 |   0.0 |      22 |       0 |   0.0
        D:6 |    1836 |      21 |   1.1 |      51 |       5 |   8.9
        D:7 |     808 |     593 |  42.3 |      14 |       1 |   6.7
        D:8 |     857 |     110 |  11.4 |      39 |       1 |   2.5
        D:9 |    2063 |    3145 |  60.4 |      23 |       6 |  20.7
       D:10 |    6522 |    4039 |  38.2 |      45 |      34 |  43.0
       D:11 |    1904 |    2557 |  57.3 |       7 |       8 |  53.3
      Sewer |       0 |     146 | 100.0 |       0 |      20 | 100.0
            +---------+---------+-------+---------+---------+-------
